AoeStats
← schwellle

Arabia

508293845Analyzed
1v1 RM · 11d ago on Sep 21, 2026· 39m 59s· 2 players
Game mode
Random Map
Map size
Tiny (2 player)
Population
200
Speed
Normal
Resources
Standard
Victory
Conquest
Starting age
Dark Age
Ending age
Imperial Age
RankedLock teamsTeams togetherTeam positionsShared explorationLock speedFull tech treeHidden civsTurbo modeCheats
Victory
Defeat
🇪🇸 Khitans · Spain
982
+17
🇩🇪 Mongols · Germany
993
-17
CHINI82
6:56 Loom
10:16 Feudal Age
10:53 Double-Bit Axe
16:04 Scale Barding Armor
19:01 Forging
22:39 Castle Age
20:48 Domestication
22:07 Wheelbarrow
23:31 Pastoralism
23:58 Chain Barding Armor
26:28 Bow Saw
28:48 Iron Casting
33:14 Fletching
37:45 Imperial Age
36:06 Husbandry
39:21 Ballistics
schwellle
9:23 Feudal Age
10:39 Double-Bit Axe
11:50 Loom
13:06 Scale Barding Armor
15:58 Forging
22:00 Castle Age
20:28 Fletching
20:41 Gold Mining
21:18 Bloodlines
21:13 Padded Archer Armor
21:11 Horse Collar
22:48 Pikeman
25:22 Stone Mining
27:56 Scale Mail Armor
29:52 Wheelbarrow
30:03 Bodkin Arrow
38:08 Masonry
39:02 Thumb Ring
Connection lost

Rejoining the realm…

Still unreachable

The connection could not be restored.

Session expired

The server has moved on; the page needs a fresh start.